[ AOE2 MATCH · #495583457 ]
UnrankedMalians vs Incas
Player's team · WIN
Rival team · LOSS
[ REPLAY ANALYSIS · EXTRACTED FROM THE RECORDED GAME ]
Feudal
11:38
Castle
—
Imperial
—
| APM avg | 62.8 |
| APM peak | 91 |
| eAPM avg | 18.5 |
| Villagers / military | 24 / 5 |
Focus
⚔️ 38.0% · 🌾 62.0%
Militia ×5
Feudal
9:04
Castle
—
Imperial
—
| APM avg | 49.6 |
| APM peak | 89 |
| eAPM avg | 30.7 |
| Villagers / military | 29 / 6 |
Focus
⚔️ 39.9% · 🌾 60.1%
Archer ×4 · Spearman ×2
Match map
Initial resources + every placement click. Lines = walls · curves = elevation contours. ◆ gold · ⬟ stone · ● berries · ✦ relic · ◌ wall gap
Your base
Sharky aoe's base
Smoothed initial terrain · ◌ = detected wall gap · hover for details
Inputs per minute
— KSV - - Sharky aoe
Build order — KSV
58 actions detected in the replay
| 0:00 | Create | Villager (Male) |
| 0:00 | Create | Villager (Male) |
| 0:01 | Create | Villager (Male) |
| 0:01 | Create | Villager (Male) |
| 0:02 | Build | House |
| 0:03 | Build | House |
| 1:29 | Create | Villager (Male) |
| 1:55 | Build | Lumber Camp |
| 1:59 | Create | Villager (Male) |
| 2:23 | Create | Villager (Male) |
| 2:45 | Create | Villager (Male) |
| 3:01 | Create | Villager (Male) |
| 3:30 | Build | House |
| 3:35 | Create | Villager (Male) |
| 3:56 | Create | Villager (Male) |
| 4:08 | Build | Barracks |
| 4:26 | Create | Villager (Male) |
| 4:50 | Build | House |
| 4:53 | Build | House |
| 4:56 | Create | Villager (Male) |
| 5:03 | Create | Militia |
| 5:15 | Create | Villager (Male) |
| 5:30 | Create | Militia |
| 5:40 | Build | Mill |
| 5:44 | Create | Militia |
| 5:52 | Create | Villager (Male) |
| 5:58 | Build | House |
| 6:16 | Create | Militia |
| 6:20 | Create | Villager (Male) |
| 6:22 | Build | Mining Camp |
| 6:32 | Create | Villager (Male) |
| 6:38 | Create | Militia |
| 6:43 | Create | Villager (Male) |
| 7:06 | Create | Villager (Male) |
| 7:33 | Create | Villager (Male) |
| 8:00 | Create | Villager (Male) |
| 8:12 | Build | Mill |
| 8:29 | Create | Villager (Male) |
| 8:36 | Build | Farm |
| 8:40 | Build | Palisade Wall |
| 8:59 | Research | Loom |
| 9:01 | Build | Palisade Wall |
| 9:14 | Build | Palisade Wall |
| 9:15 | Build | Palisade Wall |
| 9:23 | Build | Farm |
| 9:28 | Research | Feudal Age |
| 9:43 | Build | Palisade Wall |
| 9:48 | Build | Farm |
| 9:54 | Build | Palisade Wall |
| 9:54 | Build | Palisade Wall |
| 10:31 | Build | Palisade Wall |
| 10:31 | Build | Palisade Wall |
| 10:45 | Build | House |
| 11:09 | Build | Palisade Wall |
| 11:38 | Age | Feudal Age |
| 11:39 | Create | Villager (Male) |
| 11:43 | Research | Man-at-Arms (upgrade) |
| 11:45 | Create | Villager (Male) |
Build order — Sharky aoe
59 actions detected in the replay
| 0:01 | Create | Villager (Male) |
| 0:01 | Create | Villager (Male) |
| 0:02 | Build | House |
| 0:03 | Build | House |
| 0:04 | Create | Villager (Male) |
| 0:08 | Create | Villager (Male) |
| 1:12 | Create | Villager (Male) |
| 1:47 | Create | Villager (Male) |
| 2:19 | Create | Villager (Male) |
| 2:20 | Create | Villager (Male) |
| 2:45 | Create | Villager (Male) |
| 2:49 | Build | Settlement |
| 2:53 | Create | Villager (Male) |
| 3:19 | Build | Settlement |
| 3:34 | Create | Villager (Male) |
| 3:34 | Create | Villager (Male) |
| 3:37 | Create | Villager (Male) |
| 4:03 | Create | Villager (Male) |
| 5:09 | Create | Villager (Male) |
| 5:12 | Create | Villager (Male) |
| 5:12 | Create | Villager (Male) |
| 5:24 | Create | Villager (Male) |
| 5:47 | Create | Villager (Male) |
| 5:48 | Research | Loom |
| 6:07 | Build | Settlement |
| 6:54 | Research | Feudal Age |
| 7:23 | Build | Palisade Wall |
| 7:36 | Build | Palisade Wall |
| 7:37 | Build | Palisade Wall |
| 7:38 | Create | Villager (Male) |
| 7:42 | Build | Palisade Wall |
| 8:46 | Create | Villager (Male) |
| 9:04 | Age | Feudal Age |
| 9:09 | Build | Barracks |
| 9:11 | Create | Villager (Male) |
| 9:14 | Create | Villager (Male) |
| 9:50 | Build | Archery Range |
| 9:52 | Build | Palisade Wall |
| 9:53 | Create | Villager (Male) |
| 9:57 | Create | Villager (Male) |
| 10:12 | Research | Double-Bit Axe |
| 10:13 | Create | Villager (Male) |
| 10:29 | Create | Archer |
| 10:30 | Create | Villager (Male) |
| 10:38 | Build | Palisade Wall |
| 10:41 | Build | Palisade Wall |
| 10:42 | Build | Palisade Wall |
| 10:52 | Build | Farm |
| 10:58 | Create | Archer |
| 10:59 | Create | Spearman |
| 10:59 | Create | Spearman |
| 11:02 | Create | Villager (Male) |
| 11:09 | Build | Palisade Wall |
| 11:11 | Build | Palisade Wall |
| 11:12 | Build | Palisade Wall |
| 11:13 | Build | Palisade Wall |
| 11:17 | Create | Archer |
| 11:31 | Create | Villager (Male) |
| 11:46 | Create | Archer |
Match timeline
| 4:08 | KSV · first_building Barracks |
| 7:23 | Sharky aoe · wall_segment Palisade Wall x1 |
| 7:36 | Sharky aoe · wall_segment Palisade Wall x1 |
| 7:37 | Sharky aoe · wall_segment Palisade Wall x1 |
| 7:42 | Sharky aoe · wall_segment Palisade Wall x1 |
| 8:40 | KSV · wall_segment Palisade Wall x1 |
| 9:01 | KSV · wall_segment Palisade Wall x1 |
| 9:04 | Sharky aoe · age_up feudal |
| 9:09 | Sharky aoe · first_building Barracks |
| 9:14 | KSV · wall_segment Palisade Wall x1 |
| 9:15 | KSV · wall_segment Palisade Wall x1 |
| 9:43 | KSV · wall_segment Palisade Wall x1 |
| 9:50 | Sharky aoe · first_building Archery Range |
| 9:52 | Sharky aoe · wall_segment Palisade Wall x1 |
| 9:54 | KSV · wall_segment Palisade Wall x1 |
| 9:54 | KSV · wall_segment Palisade Wall x1 |
| 10:31 | KSV · wall_segment Palisade Wall x4 |
| 10:31 | KSV · wall_segment Palisade Wall x1 |
| 10:38 | Sharky aoe · wall_segment Palisade Wall x1 |
| 10:41 | Sharky aoe · wall_segment Palisade Wall x1 |
| 10:42 | Sharky aoe · wall_segment Palisade Wall x1 |
| 11:09 | KSV · wall_segment Palisade Wall x1 |
| 11:09 | Sharky aoe · wall_segment Palisade Wall x1 |
| 11:11 | Sharky aoe · wall_segment Palisade Wall x1 |
| 11:12 | Sharky aoe · wall_segment Palisade Wall x1 |
| 11:13 | Sharky aoe · wall_segment Palisade Wall x1 |
| 11:38 | KSV · age_up feudal |
| 11:53 | Sharky aoe · resign |
[ AI ANALYSIS · 1 CREDIT ]
What really happened in this match?
Wolo.gg analyzes every decision: build order, eco, micro, common mistakes by bracket. Personalized analysis on WhatsApp or Discord in 30 seconds.
Civ guide
Malians
Perfil
Jugador #20557174